 Dungeon Sprint DCSS version 0.20-a0-251-g16a58bf (webtiles) character file.

153 Dfrag the Covered (level 5, 9/37 HPs)
             Began as a Gargoyle Fighter on Nov 30, 2016.
             Quit the game in the Dungeon (Sprint IX: "|||||||||||||||||||||||||||||").
             The game lasted 00:00:33 (106 turns).

Dfrag the Covered (Gargoyle Fighter)                 Turns: 106, Time: 00:00:33

Health: 9/37       AC: 11    Str: 15    XL:     5   Next: 35%
Magic:  5/5        EV:  7    Int:  9    God:
Gold:   0          SH:  9    Dex: 10    Spells: 4/4 levels left

rFire  . . .     SeeInvis .     a - +0 flail
rCold  . . .     Gourm    .     b - +0 scale mail
rNeg   + . .     Faith    .     c - +0 shield
rPois  ∞         Spirit   .     (helmet restricted)
rElec  +         Reflect  .     (no cloak)
rCorr  .         Harm     .     (no gloves)
MR     .....     NoTele   +     (no boots)
Stlth  ..........               (no amulet)
                                (no ring)
                                (no ring)

@: exhausted, slowed, very slow
A: horns 1, negative energy resistance 1, electricity resistance, slow
regeneration 1, weak 2, unbreathing, petrification resistance, rot immunity, AC
+4
a: no special abilities


You were in the Dungeon.
You were not hungry.

You visited 1 branch

Inventory:

Hand Weapons
 a - a +0 flail (weapon)
Armour
 b - a +0 scale mail (worn)
 c - a +0 shield (worn)
Scrolls
 k - a scroll of blinking
Potions
 d - a potion of might
 e - a potion of curing
 g - a potion of heal wounds
 h - a potion of haste
 i - 2 potions of magic
Comestibles
 f - a bread ration
 j - a chunk of flesh


   Skills:
 + Level 6.5 Fighting
 + Level 5.4 Maces & Flails
 + Level 6.5 Armour
 + Level 6.5 Shields


You had 4 spell levels left.
You didn't know any spells.

Dungeon Overview and Level Annotations

Branches:
Dungeon (1/1)

Altars:


Innate Abilities, Weirdness & Mutations

You are resistant to torment.
Your stone body is resilient. (AC +4)
You are immune to poison.
You resist negative energy. (rN+)
You are resistant to electric shocks. (rElec)
You can survive without breathing.
You are immune to petrification.
You are immune to rotting.
You have a pair of small horns on your head.
You regenerate slowly when monsters are visible.
You are very weak. (Str -4)


Message History

You see here a sky beast corpse.
Unknown command.
You butcher the sky beast corpse.
You see here 4 mutagenic chunks of flesh.
Unknown command.
l - 4 mutagenic chunks of flesh You start eating one of the 4 mutagenic chunks of flesh.
This meat tastes really weird.
A pair of horns grows on your head!
You start eating one of the 3 mutagenic chunks of flesh.
This meat tastes really weird.
Your regeneration weakens near monsters.
You start eating one of the 2 mutagenic chunks of flesh.
This meat tastes really weird.
You feel weaker.
You start eating the mutagenic chunk of flesh.
This meat tastes really weird.
You feel weaker.
Okay, then.
Are you sure you want to abandon this character and quit the game? (Confirm with "yes".)

▓.▓
▓)▓
▓)▓
▓.▓
▓.▓
▓.▓
▓.▓
▓[▓
▓@▓
▓.▓
▓.▓
▓.▓
▓.▓
▓+▓


There were no monsters in sight!

Vanquished Creatures
  A sky beast (D)
  2 worker ants (D)
  An adder (D)
  A dart slug (D)
  An orc (D)
  A goblin (D)
  A hobgoblin (D)
  2 kobolds (D)
10 creatures vanquished.

Notes
Turn   | Place    | Note
-------+----------+-------------------------------------------
     0 | D        | Dfrag the Gargoyle Fighter began the quest for the Orb.
     0 | D        | Reached XP level 1. HP: 14/14 MP: 1/1
    20 | D        | Reached XP level 2. HP: 20/20 MP: 2/2
    26 | D        | Noticed a sky beast
    71 | D        | Reached skill level 5 in Shields
    71 | D        | Reached XP level 3. HP: 17/25 MP: 3/3
    80 | D        | Killed a sky beast
    80 | D        | Reached skill level 5 in Maces & Flails
    80 | D        | Reached XP level 4. HP: 21/32 MP: 4/4
    80 | D        | Reached XP level 5. HP: 23/36 MP: 5/5
   103 | D        | Gained mutation: You have a pair of small horns on your head. [mutagenic meat]
   104 | D        | Gained mutation: You regenerate slowly when monsters are visible. [mutagenic meat]
   105 | D        | Gained mutation: You are weak. (Str -2) [mutagenic meat]
   106 | D        | Gained mutation: You are very weak. (Str -4) [mutagenic meat]
   106 | D        | Quit the game

Vault maps used:
D:        linesprint

Skill      XL: |  1  2  3 |
---------------+----------+-----
Shields        | 4 5 6 |  6.5
Fighting       | 4 6 |  6.5
Maces & Flails | 3 5 |  5.4
Armour         | 4 6 |  6.5

Action                   |  1- 3 |  4- 6 || total
-------------------------+-------+-------++-------
Melee: Flail             |    68 |    13 ||    81
  Use: Potion            |     1 |       ||     1
  Eat: Chunk             |       |     4 ||     4
Armor: Scale mail        |    27 |    11 ||    38
Dodge: Dodged            |    13 |     5 ||    18
Block: Shield            |    39 |     8 ||    47
